 Dungeon Crawl Stone Soup version 0.23-a0-703-gdf2d5e0dd9 (webtiles) character file.

48288 Infinimo the Executioner (level 14, -1/193 HPs)
             Began as a Hill Orc Fighter on Jan 12, 2019.
             Was the Champion of Makhleb.
             Slain by an 11-headed hydra (3 damage)
             ... summoned by a boggart
             ... on level 6 of the Lair of Beasts on Jan 13, 2019.
             The game lasted 00:26:13 (19132 turns).

Infinimo the Executioner (Hill Orc Fighter)        Turns: 19132, Time: 00:26:14

Health: -1/193     AC: 27    Str: 20    XL:     14   Next: 45%
Magic:  14/14      EV:  2    Int: 12    God:    Makhleb [******]
Gold:   2189       SH:  9    Dex: 10    Spells: 13/13 levels left

rFire    . . .     SeeInvis .   j - +1 broad axe
rCold    . . .     Gourm    .   c - +0 shield
rNeg     + + +     Faith    +   (armour currently unavailable)
rPois    +         Spirit   .   (helmet currently unavailable)
rElec    .         Reflect  .   (cloak currently unavailable)
rCorr    .         Harm     .   (gloves currently unavailable)
MR       ++...     NoTele   +   (boots currently unavailable)
Stlth    +.........             A - amulet of faith
HPRegen  0.42/turn              n - ring of protection from magic
MPRegen  0.14/turn              (no ring)

@: tree-form
A: no striking features
a: Minor Destruction, Lesser Servant of Makhleb, Major Destruction, Greater
Servant of Makhleb, Renounce Religion


You were on level 6 of the Lair of Beasts.
You worshipped Makhleb.
Makhleb was exalted by your worship.
You were not hungry.
You were a tree.
You visited 2 branches of the dungeon, and saw 17 of its levels.
You also visited: Sewer.

You collected 2280 gold pieces.
You spent 91 gold pieces at shops.

Inventory:

Hand Weapons
 j - a +1 broad axe (weapon)
Armour
 c - a +0 shield (worn)
 g - a +0 helmet (melded)
 h - a +2 pair of boots (melded)
 r - a scarf of cloud immunity (melded)
 w - a +2 pair of gloves (melded)
 z - the +1 ice dragon scales "Ixtiyshe" (melded) {rPois rF- rC++ Int+4 Dex+3 Stlth+}
   (You found it on level 1 of the Lair of Beasts)

   It affects your intelligence (+4).
   It affects your dexterity (+3).
   It makes you vulnerable to fire.
   It greatly protects you from cold.
   It protects you from poison.
   It makes you more stealthy.
Jewellery
 n - a ring of protection from magic (left branch)
 A - an amulet of faith (around neck)
 K - an uncursed amulet of rage {unknown}
Wands
 q - a wand of disintegration (31)
 B - a wand of iceblast (20)
 D - a wand of clouds (3)
Scrolls
 b - a scroll of blinking
 k - 3 scrolls of immolation
 l - 6 scrolls of amnesia
 t - 6 scrolls of remove curse
 v - 2 scrolls of teleportation
 y - 9 scrolls of identify
 C - 2 scrolls of magic mapping
 E - 2 scrolls of fog
 F - 3 scrolls of enchant weapon
 I - a scroll of fear {unknown}
Potions
 a - 2 potions of mutation
 d - 7 potions of might
 e - 4 potions of brilliance
 i - 2 potions of flight
 o - 2 potions of degeneration
 p - 3 potions of berserk rage
 u - a potion of resistance
 x - 4 potions of curing
 G - a potion of cancellation
 H - a potion of haste
 J - 2 potions of heal wounds
Comestibles
 f - 40 rations
 m - 11 chunks of flesh


   Skills:
 - Level 13.6 Fighting
 * Level 23.2 Axes
 + Level 10.4 Armour
 - Level 3.2 Shields


You had 13 spell levels left.
You didn't know any spells.
Your spell library contained the following spells:

 Spells                   Type           Power        Failure   Level  Hunger
 Animate Skeleton         Necr           N/A          83%         1    ##.....
 Apportation              Tloc           #.....       83%         1    ##.....
 Confusing Touch          Hex            #.....       83%         1    ##.....
 Flame Tongue             Conj/Fire      #....        83%         1    ##.....
 Pain                     Necr           #...         83%         1    ##.....
 Summon Butterflies       Summ           #.......     83%         1    ##.....
 Summon Small Mammal      Summ           #...         83%         1    ##.....
 Call Canine Familiar     Summ           #.......     99%         3    ####...
 Regeneration             Chrm/Necr      #.........   99%         3    ####...
 Spider Form              Tmut/Pois      #.........   99%         3    ####...
 Vampiric Draining        Necr           #.........   99%         3    ####...
 Animate Dead             Necr           N/A          100%        4    #####..
 Cause Fear               Hex            #.........   100%        4    #####..
 Summon Ice Beast         Ice/Summ       #.......     100%        4    #####..
 Summon Mana Viper        Hex/Summ       #.......     100%        5    ######.
 Yara's Violent Unravell  Hex/Tmut       #.........   100%        5    ######.
 Bolt of Fire             Conj/Fire      #.........   100%        6    #######
 Iron Shot                Conj/Erth      #.........   100%        6    #######
 Statue Form              Tmut/Erth      #........    100%        6    #######
 Dragon Form              Tmut           #.........   100%        7    #######
 Summon Hydra             Summ           #.........   100%        7    #######
 Dragon's Call            Summ           #.........   100%        9    #######


Dungeon Overview and Level Annotations

Branches:
Dungeon (11/15)            Temple (0/1) D:4            Lair (6/6) D:10
  Swamp (0/4) Lair:4       Spider (0/4) Lair:3        Slime (0/5) Lair:6
    Orc (0/2) D:11

Altars:
Gozag
Hepliaklqana
Kikubaaqudgha
Makhleb
Sif Muna
Trog
Uskayaw
Wu Jian
Yredelemnul
The Shining One
Beogh
Jiyva

Shops:
D:8 ?   D:9 (

Annotations:
D:5 2 transporters, yrara's ghost, amateur DsFi
Lair:6 exclusion: 4 oklob plants


Message History

You block the 11-headed hydra's attack. The 11-headed hydra bites you!
* * * LOW HITPOINT WARNING * * *
You block the 11-headed hydra's attack.
Unknown command.
You turn into a tree.
Your scarf of cloud immunity melds into your body.
Your +0 helmet melds into your body.
Your +2 pair of gloves melds into your body.
Your +2 pair of boots melds into your body.
The +1 ice dragon scales "Ixtiyshe" {rPois rF- rC++ Int+4 Dex+3 Stlth+} melds into your body.
You feel vulnerable to the effects of clouds.
Your roots penetrate the ground.
You feel strangely stable. The elephant tramples you.
* * * LOW HITPOINT WARNING * * *
The hippogriff pecks you.
* * * LOW HITPOINT WARNING * * *
The 11-headed hydra bites you!
* * * LOW HITPOINT WARNING * * *
The 11-headed hydra bites you.
You die...

♣..}..♣ ♣♣♣.......
♣♣.g.Y.....
♣♣..♣♣...... ♣.♣♣♣
♣♣♣♣♣ ♣♣♣.♣ ♣♣♣♣♣
♣Y..♣♣♣...♣♣ ♣
♣HD♣♣♣.....♣ ♣♣.
♣♣Y♣ ♣♣....♣ ...
♣g♣♣ ♣♣..♣♣♣♣♣.♣
♣Y♣♣ ♣♣.♣♣.♣..♣
♣YY♣ ♣♣♣♣.....♣♣♣
♣..♣♣♣♣....).♣....
♣♣..♣♣....♣♣♣♣♣♣♣♣
♣♣.....♣♣♣ ♣
♣♣..♣♣♣ ♣...♣ ♣


You could see a 11-headed hydra, 4 elephants, a hippogriff, a dream sheep and a
boggart.

Vanquished Creatures
  A hydra (Lair:5)
  4 death yaks (Lair:6)
  3 two-headed ogres
  Urug (Lair:2)
  A skeletal warrior (D:10)
  An orb spider (Lair:3)
  A lindwurm (Lair:2)
  A deep elf mage (D:10)
  2 ugly things
  A cyclops (D:10)
  3 black mambas
  13 elephants
  Joseph (D:8)
  A torpor snail (Lair:3)
  17 spiny frogs
  2 rime drakes
  A kobold demonologist (D:10)
  3 trolls
  A queen bee (shapeshifter) (D:10)
  10 polar bears
  A hornet (Lair:6)
  Grinder (D:3)
  A slime creature (D:6)
  5 dream sheep (Lair:6)
  15 blink frogs
  11 hippogriffs
  25 yaks
  6 spriggans (Lair:6)
  A wraith (D:11)
  A shadow (D:10)
  2 wyverns
  3 basilisks
  A hungry ghost (D:10)
  Grum (D:9)
  Eustachio (D:5)
  A vampire mosquito (D:10)
  A soldier ant (D:10)
  16 water moccasins
  5 porcupines
  4 orc warriors
  6 sky beasts
  9 ogres
  3 phantoms
  5 black bears
  A necrophage (D:10)
  7 ice beasts
  7 boggarts
  20 wolves
  8 centaurs
  7 crocodiles
  18 bullfrogs
  Blork the orc (D:5)
  A big kobold (D:6)
  A gnoll sergeant (D:8)
  A water moccasin zombie (D:5)
  3 scorpions
  2 wyvern skeletons
  A water moccasin skeleton (D:4)
  6 killer bees (D:7)
  6 crimson imps
  A quasit (D:8)
  4 hounds
  2 bullfrog zombies (D:10)
  2 centaur skeletons
  2 jellies
  4 bullfrog skeletons
  9 orc priests
  9 orc wizards
  3 iguanas
  6 worker ants
  A worker ant zombie (D:10)
  A howler monkey zombie (D:8)
  Robin (D:3)
  12 gnolls
  12 adders
  2 shadow imps
  2 oozes (D:6)
  An adder skeleton (D:10)
  3 worms
  10 leopard geckos
  33 orcs
  17 giant cockroaches
  30 goblins
  13 hobgoblins
  3 jackals (D:10)
  9 kobolds
  2 quokkas
  11 bats
  9 frilled lizards
  A leopard gecko skeleton (D:8)
  A quokka zombie (D:7)
  8 rats
  3 fungi (Lair:6)
  3 plants
513 creatures vanquished.

Vanquished Creatures (others)
  14 fungi (Lair:6)
  17 plants
31 creatures vanquished.

Grand Total: 544 creatures vanquished

Notes
Turn   | Place    | Note
-------+----------+-------------------------------------------
     0 | D:1      | Infinimo the Hill Orc Fighter began the quest for the Orb.
     0 | D:1      | Reached XP level 1. HP: 19/19 MP: 1/1
    58 | D:1      | Reached skill level 3 in Axes
    63 | D:1      | Reached XP level 2. HP: 22/27 MP: 2/2
   324 | D:1      | Reached skill level 4 in Axes
   324 | D:1      | Reached XP level 3. HP: 33/33 MP: 3/3
  1036 | D:2      | Reached XP level 4. HP: 37/41 MP: 4/4
  1131 | D:3      | Noticed Robin
  1134 | D:3      | Reached skill level 5 in Axes
  1141 | D:3      | Killed Robin
  1166 | D:3      | Noticed Grinder
  1178 | D:3      | Paralysed by Grinder for 2 turns
  1190 | D:3      | Paralysed by Grinder for 7 turns
  1479 | D:3      | Paralysed by Grinder for 6 turns
  1483 | D:3      | HP: 1/41 [Grinder/nerve-wracking pain (7)]
  1486 | D:3      | Killed Grinder
  1486 | D:3      | Reached skill level 5 in Fighting
  1486 | D:3      | Reached skill level 7 in Axes
  1486 | D:3      | Reached XP level 5. HP: 3/49 MP: 5/5
  1486 | D:3      | Reached XP level 6. HP: 4/56 MP: 6/6
  2102 | D:3      | Found a hide-covered altar of Uskayaw.
  2102 | D:3      | Found a glowing golden altar of the Shining One.
  2234 | D:3      | Found an ancient bone altar of Kikubaaqudgha.
  2580 | D:4      | Reached XP level 7. HP: 10/63 MP: 7/7
  2600 | D:3      | Reached skill level 8 in Axes
  3109 | D:4      | Found a burning altar of Makhleb.
  3109 | D:4      | Noticed a cacodemon
  3113 | D:4      | Noticed a hellwing
  3113 | D:4      | Noticed a ynoxinul
  3220 | D:4      | Became a worshipper of Makhleb the Destroyer
  3254 | D:4      | Found a staircase to the Ecumenical Temple.
  3590 | D:4      | Found an opulent altar of Gozag.
  3661 | D:5      | Entered Level 5 of the Dungeon
  3670 | D:5      | Noticed Blork the orc
  3684 | D:5      | Killed Blork the orc
  3684 | D:5      | Reached skill level 9 in Axes
  3786 | D:5      | Identified the +5 scale mail of Pathos {Regen+ Str-5 SInv}
  3786 | D:5      | Identified the cursed -2 shield of Xuots {rPois}
  3806 | D:5      | Reached XP level 8. HP: 72/73 MP: 8/8
  3812 | D:5      | Noticed Eustachio
  3836 | D:5      | Killed Eustachio
  3836 | D:5      | Reached skill level 10 in Axes
  4165 | D:5      | Found a transporter.
  4166 | D:5      | Found a transporter.
  4266 | D:5      | Noticed yrara's ghost (amateur DsFi)
  4510 | D:6      | Found a bloodstained altar of Trog.
  4606 | D:6      | Reached skill level 11 in Axes
  4660 | D:6      | Reached * piety under Makhleb
  4841 | D:6      | Reached skill level 12 in Axes
  4841 | D:6      | Reached XP level 9. HP: 77/82 MP: 9/9
  4842 | D:6      | Found an ornate altar of the Wu Jian Council.
  4896 | D:6      | Found a glowing golden altar of the Shining One.
  4935 | D:6      | Found a glowing drain.
  4956 | Sewer    | Entered a sewer
  5330 | D:7      | Reached ** piety under Makhleb
  5585 | D:7      | Reached skill level 13 in Axes
  6064 | D:7      | Reached skill level 10 in Fighting
  6075 | D:7      | Reached skill level 14 in Axes
  6122 | D:7      | Reached XP level 10. HP: 93/93 MP: 10/10
  6255 | D:7      | Noticed a two-headed ogre
  6604 | D:7      | Killed a two-headed ogre
  6741 | D:7      | Noticed a two-headed ogre
  7045 | D:6      | Killed a two-headed ogre
  7045 | D:6      | Reached skill level 15 in Axes
  7300 | D:8      | Found a hazy altar of Hepliaklqana.
  7300 | D:8      | Found a basalt altar of Yredelemnul.
  7371 | D:8      | Noticed Joseph
  7379 | D:8      | Killed Joseph
  7508 | D:8      | Reached *** piety under Makhleb
  7516 | D:8      | Reached skill level 16 in Axes
  7696 | D:8      | Found Oleulolu's Magic Scroll Shoppe.
  7702 | D:8      | Bought a scroll of teleportation for 39 gold pieces
  7702 | D:8      | Bought a scroll of identify for 26 gold pieces
  7702 | D:8      | Bought a scroll of identify for 26 gold pieces
  7729 | D:8      | Found a deep blue altar of Sif Muna.
  7933 | D:8      | Found a flagged portal.
  8321 | D:9      | Noticed Grum
  8324 | D:9      | Reached XP level 11. HP: 102/104 MP: 11/11
  8345 | D:9      | Killed Grum
  8522 | D:9      | Noticed a purple ugly thing
  8541 | D:9      | Killed a purple ugly thing
  9149 | D:9      | Found Ucwiusso's Antique Weapon Boutique.
  9559 | D:10     | Entered Level 10 of the Dungeon
  9566 | D:10     | Reached skill level 17 in Axes
  9602 | D:10     | Found a staircase to the Lair.
  9619 | D:10     | Identified a scroll of acquirement
  9641 | D:10     | Reached **** piety under Makhleb
  9698 | D:10     | Noticed a deep elf mage
  9698 | D:10     | Noticed a cyclops
  9723 | D:10     | Killed a deep elf mage
  9734 | D:10     | Killed a cyclops
  9866 | D:10     | Reached skill level 18 in Axes
  9903 | D:10     | Identified the +1 robe "Fuux Ade" {Str+3 Int+3 Slay+4}
  9906 | D:10     | Noticed a skeletal warrior
  9954 | D:10     | Killed a skeletal warrior
  9978 | D:10     | Identified the Compendium of the Shifting Mountains
 10007 | D:10     | Reached ***** piety under Makhleb
 10012 | D:10     | Found the +11 plutonium sword {*Contam Stlth-}
 10022 | D:10     | Reached XP level 12. HP: 60/115 MP: 12/12
 10735 | D:11     | HP: 3/115 [something (8)]
 11098 | D:11     | Found a staircase to the Orcish Mines.
 11128 | D:11     | Reached skill level 19 in Axes
 11255 | D:11     | Found a roughly hewn altar of Beogh.
 11310 | D:11     | Noticed a two-headed ogre
 11317 | D:11     | Killed a two-headed ogre
 11562 | Lair:1   | Entered Level 1 of the Lair of Beasts
 11710 | Lair:1   | Noticed a six-headed hydra
 12662 | Lair:1   | Reached skill level 5 in Armour
 12785 | Lair:1   | Got dazzling ice dragon scales
 12796 | Lair:1   | Identified the +1 ice dragon scales "Ixtiyshe" {rPois rF-
                  | rC++ Int+4 Dex+3 Stlth+} (You found it on level 1 of the
                  | Lair of Beasts)
 12820 | Lair:1   | Reached skill level 20 in Axes
 13214 | Lair:2   | Noticed Urug
 13236 | Lair:2   | Killed Urug
 13615 | Lair:2   | Found a dark tunnel.
 14165 | Lair:2   | Reached XP level 13. HP: 78/122 MP: 13/13
 14694 | Lair:3   | You fall through a shaft for 2 floors!
 14836 | Lair:5   | Reached skill level 21 in Axes
 14838 | Lair:5   | Reached ****** piety under Makhleb
 15168 | Lair:4   | Found a staircase to the Swamp.
 15461 | Lair:3   | Found a hole to the Spider Nest.
 16897 | Lair:6   | Entered Level 6 of the Lair of Beasts
 16940 | Lair:6   | Reached skill level 22 in Axes
 17475 | Lair:6   | Reached XP level 14. HP: 60/129 MP: 14/14
 18164 | Lair:6   | Found a viscous altar of Jiyva.
 18165 | Lair:6   | Found a staircase to the Slime Pits.
 18251 | Lair:6   | Reached skill level 10 in Armour
 18362 | Lair:6   | Reached skill level 23 in Axes
 19132 | Lair:6   | HP: 2/193 [11-headed hydra[a boggart] (9)]
 19132 | Lair:6   | Slain by an 11-headed hydra

Vault maps used:
D:1:      dpeg_arrival_boxorama
D:2:      dk_noncrumbling_4
D:3:      cheibrodos_greedy_goblins, old_standard_altar,
          gammafunk_temple_overflow_pools, first_ration, minmay_bisected,
          uniq_robin, uniq_grinder
D:4:      nicolae_gozag_cash_rules_everything_around_me,
          minmay_temple_entry_purple_smoke, makhleb_altar_promises_db
D:5:      gammafunk_ghost_gnarly_gnolls, uniq_eustachio, uniq_blork_the_orc
D:6:      lemuel_round_altar, marbit_many_paths, portal_sewer_entry_d,
          nicolae_tso_swordbearing_angel
D:7:      grunt_ogre_cave, minmay_shattered_shrine
D:8:      led_sif_book, gammafunk_temple_overflow_elements, enter_bailey_8,
          serial_shops, nicolae_shop_statue_plus, st_stairs_14, feat_on_display,
          uniq_joseph
D:9:      corexii_shack_village, serial_shops, nicolae_shop_behind_doors,
          uniq_grum
D:10:     minmay_the_grid_square_5x5_4x4, lair_entry_dummy
D:11:     minmay_orc_entry_temple_small
Lair:1:   beast_lair_carwin_large_2, chequers_serial_rivers_marsh,
          minmay_stone_trees_medium, lemuel_fruit_tree, grunt_megastairs_5
Lair:2:   nicolae_volcano_entry_vermiform, uniq_urug
Lair:3:   nicolae_spider_entry_orb_guardian, bh_autumn_forest_stairs,
          chequers_serial_rivers_marsh, st_stairs_10, patterned_corridor
Lair:4:   swamp_mist
Lair:5:   kilobyte_rumbling_trees
Lair:6:   minmay_lair_end_enchanted_forest, slime_altar_1, st_stairs_10,
          minmay_lair_oklob_chamber
Sewer:    sewer_frog_island_01

Skill      XL: |  1  2  3  4  5  6  7  8  9 10 11 12 13 14 |
---------------+-------------------------------------------+-----
Axes           | 3 4 7 9 12 14 16 18 20 22 23 | 23.2
Fighting       | 4 5 6 7 8 10 11 13 | 13.6
Armour         | 6 9 10 | 10.4
Shields        | |  3.2

Action                   |  1- 3 |  4- 6 |  7- 9 | 10-12 | 13-15 || total
-------------------------+-------+-------+-------+-------+-------++-------
Melee: War axe           |   104 |   108 |    44 |       |       ||   256
       Broad axe         |       |       |   306 |   796 |   710 ||  1812
Evoke: Wand              |       |       |       |       |     6 ||     6
  Use: Scroll            |       |     8 |     9 |    12 |     5 ||    34
       Potion            |       |     1 |       |     3 |     1 ||     5
 Stab: Distracted        |       |       |       |       |     1 ||     1
  Eat: Chunk             |     1 |     4 |    13 |    20 |    15 ||    53
       Ration            |       |       |       |     2 |     1 ||     3
Armor: Scale mail        |    63 |    65 |   168 |   156 |       ||   452
       Robe              |       |       |       |    91 |       ||    91
       Ice dragon scales |       |       |       |    35 |   494 ||   529
       Skin              |       |       |       |       |     5 ||     5
Dodge: Dodged            |    42 |    42 |   104 |   173 |   197 ||   558
Block: Shield            |    55 |    67 |   164 |   326 |   334 ||   946

Table legend:
 A = Non-vault XP
 B = Vault XP
 C = Vault XP percentage of total XP
 D = Non-vault monster count
 E = Vault monster count
 F = Vault count percentage of total count
                 A         B        C        D         E       F
            +---------+---------+-------+---------+---------+-------
      Total |   45409 |   23574 |  34.2 |     338 |     169 |  33.3
            +---------+---------+-------+---------+---------+-------
        D:1 |      40 |       0 |   0.0 |      24 |       0 |   0.0
        D:2 |      46 |       0 |   0.0 |      26 |       0 |   0.0
        D:3 |     172 |     351 |  67.1 |       9 |      26 |  74.3
        D:4 |     258 |       0 |   0.0 |      13 |       0 |   0.0
        D:5 |     430 |     281 |  39.5 |      11 |       2 |  15.4
        D:6 |     880 |    1428 |  61.9 |      19 |       5 |  20.8
        D:7 |    1429 |    1665 |  53.8 |      30 |      12 |  28.6
        D:8 |    1371 |     439 |  24.3 |      29 |       1 |   3.3
        D:9 |    1808 |     559 |  23.6 |      19 |      12 |  38.7
       D:10 |    2326 |    5450 |  70.1 |      21 |      30 |  58.8
       D:11 |    3349 |     261 |   7.2 |      20 |       7 |  25.9
     Lair:1 |    4201 |    2005 |  32.3 |      19 |       8 |  29.6
     Lair:2 |    1865 |    1493 |  44.5 |      12 |       2 |  14.3
     Lair:3 |    2339 |    1061 |  31.2 |      13 |       2 |  13.3
     Lair:4 |    2270 |       0 |   0.0 |       8 |       0 |   0.0
     Lair:5 |    8598 |    1136 |  11.7 |      27 |       8 |  22.9
     Lair:6 |   14027 |    7317 |  34.3 |      38 |      36 |  48.6
      Sewer |       0 |     128 | 100.0 |       0 |      18 | 100.0
            +---------+---------+-------+---------+---------+-------
